 Dungeon Crawl Stone Soup version 0.26-a0-682-g294304f6e8 (webtiles) character file.

Game seed: 5423403534731507109

(classic levelgen) 2045 EnegeticOcto the Slicer (level 9, -8/91 HPs)
             Began as a Halfling Earth Elementalist on Oct 20, 2020.
             Was an Initiate of Ru.
             Mangled by a yak (15 damage)
             ... on level 9 of the Dungeon.
             The game lasted 00:17:53 (2278 turns).

EnegeticOcto the Slicer (HaEE)                      Turns: 2278, Time: 00:17:54

Health: -8/91      AC:  5    Str:  9    XL:     9   Next: 48%
Magic:  11/11      EV: 17    Int: 16    God:    Ru [......]
Gold:   242        SH:  6    Dex: 15    Spells: 8/11 levels left

rFire    . . .     SeeInvis +   d - +3 rapier (elec)
rCold    + . .     Faith    .   f - +0 buckler
rNeg     . . .     Spirit   .   i - +2 leather armour {rC+}
rPois    .         Reflect  .   (no helmet)
rElec    .         Harm     .   (no cloak)
rCorr    .         Rampage  .   (no gloves)
MR       .....                  (no boots)
Stlth    ..........             k - amulet of the acrobat
HPRegen  0.25/turn              e - ring of see invisible
MPRegen  0.12/turn              (no ring)

@: berserking, very quick
A: small, mutation resistance 1
a: Renounce Religion


You were on level 9 of the Dungeon.
You worshipped Ru.
Ru was noncommittal.
You visited 2 branches of the dungeon, and saw 10 of its levels.

You collected 242 gold pieces.

Inventory:

Hand Weapons
 d - a +3 rapier of electrocution (weapon)
Missiles
 b - 95 stones
 j - 7 poisoned darts (quivered)
Armour
 c - a +0 robe
 f - a +0 buckler (worn)
 g - a +0 leather armour
 h - a +0 scale mail
 i - a +2 leather armour of cold resistance (worn)
Jewellery
 e - a ring of see invisible (left hand)
 k - an amulet of the acrobat (around neck)
Wands
 m - a wand of flame (18) {@v4}
 o - a wand of paralysis (7)
 p - a wand of iceblast (7) {@v2}
Scrolls
 a - a scroll of noise
Potions
 n - 2 potions of flight


   Skills:
 + Level 5.0 Fighting
 * Level 9.7 Short Blades
 + Level 5.2 Dodging
 - Level 2.1 Stealth
 + Level 4.5 Shields
 - Level 1.5 Spellcasting
 - Level 0.5 Transmutations
 - Level 3.0 Earth Magic
 + Level 1.0 Evocations


You had 8 spell levels left.
You knew the following spells:

 Your Spells              Type           Power        Failure   Level
a - Sandblast             Erth           ##....       10%         1
p - Passwall              Tmut/Erth      #.......     26%         2

Your spell library contained the following spells:

 Spells                   Type           Power        Failure   Level
 Animate Skeleton         Necr           #.....       34%         1
 Corona                   Hex            #......      34%         1
 Foxfire                  Conj/Fire      #...         34%         1
 Pain                     Necr           #...         34%         1
 Ensorcelled Hibernation  Hex/Ice        #.....       45%         2
 Stone Arrow              Conj/Erth      #.....       50%         3
 Confusing Touch          Hex            #.......     71%         3
 Conjure Flame            Conj/Fire      #.......     71%         3
 Dazzling Flash           Conj/Hex       #.....       71%         3
 Inner Flame              Hex/Fire       #.......     71%         3
 Tukima's Dance           Hex            #.......     71%         3
 Vampiric Draining        Necr           #.........   71%         3
 Petrify                  Tmut/Erth      #.......     86%         4
 Lee's Rapid Deconstruct  Erth           ##........   95%         5
 Animate Dead             Necr           #.........   98%         4
 Sticky Flame             Conj/Fire      #.......     98%         4
 Agony                    Necr           #.......     100%        5
 Fireball                 Conj/Fire      #.........   100%        5


Dungeon Overview and Level Annotations

Branches:
Dungeon (9/15)             Temple (1/1) D:6
   Lair: D:8-11         Orc: D:9-12

Altars:
Ashenzari
Cheibriados
Dithmenos
Elyvilon
Fedhas
Hepliaklqana
Kikubaaqudgha
Makhleb
Nemelex Xobeh
Okawaru
Qazlal
Ru
Sif Muna
Trog
Uskayaw
Vehumet
Xom
Yredelemnul
Zin
The Shining One

Annotations:
D:4 Ijyb
D:5 exclusion: statue


Innate Abilities, Weirdness & Mutations

You are small and have problems with some larger weapons.
You are somewhat resistant to further mutation.


Message History

Found 14 gold pieces. 2 yaks come into view.
The yak bellows! x3
The yak misses you.
You hit the yak. Lightning courses through the yak!
The yak is moderately wounded.
The yak barely misses you.
You hit the yak.
The yak is heavily wounded.
You barely miss the yak.
The yak is heavily wounded.
The yak barely misses you.
You hit the yak.
The yak is heavily wounded.
You block the yak's attack.
You puncture the yak! Lightning courses through the yak!
The yak is almost dead.
Your shield prevents you from hitting the yak.
The yak is almost dead.
The yak barely misses you.
You hit the yak. Lightning courses through the yak!
You kill the yak!
Your Fighting skill increases to level 5!
Your Dodging skill increases to level 5!
The yak misses you. x2
You see here a yak corpse.
You hit the yak but do no damage. Lightning courses through the yak!!
The yak is heavily wounded.
The yak closely misses you. The yak barely misses you.
You hit the yak but do no damage. The yak barely misses you.
You closely miss the yak. The yak barely misses you.
You hit the yak.
The yak is lightly wounded.
The yak closely misses you.
You hit the yak but do no damage. Lightning courses through the yak!
The yak is moderately wounded.
You hit the yak.
The yak is moderately wounded.
The yak gores you!
You hit the yak.
The yak is heavily wounded.
The yak closely misses you.
You puncture the yak!
The yak is severely wounded.
The yak gores you!
You hit the yak but do no damage. Lightning courses through the yak!
The yak is almost dead.
You barely miss the yak.
The yak is almost dead.
You block the yak's attack.
You barely miss the yak.
The yak is almost dead.
The yak gores you.
You are too injured to fight recklessly!
You are too injured to fight recklessly!
You hit the yak.
The yak is almost dead.
You block the yak's attack.
You barely miss the yak.
The yak is almost dead.
You hit the yak but do no damage.
The yak is almost dead.
The yak barely misses you.
You hit the yak but do no damage. Lightning courses through the yak!!
You kill the yak!
Your Evocations skill increases to level 1!
You puncture the yak!
The yak is lightly wounded.
The yak gores you!
You hit the yak.
The yak is moderately wounded.
You barely miss the yak.
The yak is moderately wounded.
The yak gores you.
* * * LOW HITPOINT WARNING * * *
You hit the yak but do no damage.
The yak is moderately wounded.
The yak gores you.
* * * LOW HITPOINT WARNING * * *
Found 2 cyan potions.
There is a stone staircase leading up here.
There is an open door here.
You hear the creaking of a distant portcullis.
You hit the yak but do no damage.
The yak is moderately wounded.
The yak gores you.
* * * LOW HITPOINT WARNING * * *
Okay, then.
Your leather armour prevents you from hitting the yak.
The yak is moderately wounded.
The yak closely misses you.
You hit the yak but do no damage. Lightning courses through the yak!
The yak is heavily wounded.
The yak gores you!
* * * LOW HITPOINT WARNING * * *
Okay, then.
Okay, then.
A red film seems to cover your vision as you go berserk!
You feel yourself moving faster!
You feel mighty! The yak gores you!
You die...

.. #######.######....
#..!........†.....$..
#.. ######.##......#
##..#######<##..[...#
#............#......#
#............#......#
#................#.#.#
#........##'######...#
###.#@#####.# ... #
#Y## #.# .. #Y.# #Y#
##.## #.# #..###.##
#.......# #..###..#
#...##..# #.#.##..#


You could see 2 yaks.

Vanquished Creatures
  Eustachio (D:3)
  2 yaks (D:9)
  A phantom (D:3)
  An ice beast (D:6)
  6 ogres
  2 centaurs
  Blork the orc (D:6)
  2 scorpions
  2 centaur skeletons
  5 hounds
  A jelly (D:5)
  A bullfrog skeleton (D:5)
  An orc priest (D:7)
  5 orc wizards
  3 worker ants
  4 hound skeletons
  An adder (D:5)
  2 white imps (D:5)
  An ufetubus (D:9)
  An adder skeleton (D:4)
  2 worms
  12 orcs
  2 giant cockroaches
  2 hobgoblins
  2 quokkas
  A ball python (D:2)
  2 bats (D:2)
  A frilled lizard (D:2)
  A goblin (D:3)
  5 kobolds
  A rat (D:3)
74 creatures vanquished.

Notes
Turn   | Place    | Note
-------+----------+-------------------------------------------
     0 | D:1      | EnegeticOcto the Halfling Earth Elementalist began the
                  | quest for the Orb.
     0 | D:1      | Reached XP level 1. HP: 11/11 MP: 3/3
   109 | D:2      | Reached skill level 1 in Short Blades
   136 | D:2      | Reached XP level 2. HP: 15/18 MP: 4/4
   376 | D:3      | Learned a level 2 spell: Passwall
   405 | D:3      | Noticed an ogre
   408 | D:3      | Reached skill level 2 in Short Blades
   410 | D:3      | Killed an ogre
   410 | D:3      | Reached skill level 2 in Fighting
   410 | D:3      | Reached skill level 4 in Short Blades
   410 | D:3      | Reached XP level 3. HP: 24/24 MP: 5/5
   410 | D:3      | Reached XP level 4. HP: 29/29 MP: 6/6
   410 | D:3      | Reached XP level 5. HP: 34/34 MP: 7/7
   430 | D:4      | Noticed an ogre
   438 | D:4      | Killed an ogre
   438 | D:4      | Reached skill level 5 in Short Blades
   441 | D:4      | Reached XP level 6. HP: 12/41 MP: 5/8
   488 | D:5      | Entered Level 5 of the Dungeon
   489 | D:5      | Found a shimmering altar of Xom.
   517 | D:5      | Found a radiant altar of Vehumet.
   555 | D:4      | Noticed a phantom
   671 | D:5      | Reached skill level 3 in Fighting
   675 | D:5      | Reached skill level 6 in Short Blades
   740 | D:5      | Reached XP level 7. HP: 8/46 MP: 9/9
  1010 | D:5      | Reached skill level 1 in Shields
  1070 | D:4      | Noticed Ijyb
  1256 | D:4      | Reached skill level 7 in Short Blades
  1263 | D:4      | Reached skill level 3 in Dodging
  1263 | D:4      | Reached skill level 2 in Shields
  1292 | D:3      | Found an iron altar of Okawaru.
  1292 | D:3      | Found a white marble altar of Elyvilon.
  1297 | D:3      | Found a hide-covered altar of Uskayaw.
  1300 | D:3      | Found a basalt altar of Yredelemnul.
  1302 | D:3      | Found a blossoming altar of Fedhas.
  1350 | D:3      | Reached XP level 8. HP: 26/54 MP: 10/10
  1357 | D:4      | Noticed Eustachio
  1382 | D:3      | Killed Eustachio
  1382 | D:3      | Reached skill level 4 in Fighting
  1492 | D:6      | Noticed Blork the orc
  1516 | D:6      | Killed Blork the orc
  1516 | D:6      | Reached skill level 8 in Short Blades
  1624 | D:6      | Reached skill level 3 in Shields
  1654 | D:6      | Reached skill level 4 in Dodging
  1723 | D:6      | Found a staircase to the Ecumenical Temple.
  1758 | Temple   | Entered the Ecumenical Temple
  1797 | Temple   | Became a worshipper of Ru the Awakened
  1902 | D:6      | Found the +2 Maxwell's thermic engine {flame, freeze}
  1915 | D:6      | Reached XP level 9. HP: 43/59 MP: 8/11
  2010 | D:8      | Reached skill level 9 in Short Blades
  2035 | D:8      | Reached skill level 4 in Shields
  2234 | D:9      | Reached skill level 5 in Fighting
  2234 | D:9      | Reached skill level 5 in Dodging
  2251 | D:9      | Reached skill level 1 in Evocations
  2269 | D:9      | HP: 3/61 [yak (7)]
  2278 | D:9      | Mangled by a yak

Illustrated notes

Levels and vault maps discovered:
D:1:      zaba_arrival_water, layout_basic, hangedman_decor_clover_reticule,
          minivault_25
D:2:      layout_loops_cross, marbit_many_paths, cheibrodos_gnoll_hut
D:3:      layout_loops_corners, nicolae_gozag_seed_capital,
          chequers_temple_overflow_minitemple, uniq_sigmund
D:4:      layout_rooms, nrook_campfire, uniq_eustachio, uniq_ijyb
D:5:      layout_loops_ring, vehumet_statue, nicolae_overflow_crystal_walls,
          st_stairs_5
D:6:      layout_layer_cave, temple_pool_b, minmay_misc_feat_nine_boxes,
          kennysheep_small_circle, uniq_blork_the_orc
D:7:      layout_loops_ring, serial_shops, nicolae_shop_window_shopping,
          nicolae_shop_crystal, nicolae_shop_behind_doors, shop,
          kennysheep_generic_room_16, uniq_crazy_yiuf_cottage
D:8:      layout_rooms
D:9:      minmay_separated_statues, layout_basic, david_orc_4, enter_bailey_7
Temple:   dshaligram_water_room_temple

Skill      XL: |  1  2  3  4  5  6  7  8  9 |
---------------+----------------------------+-----
Short Blades   | 1 4 5 6 7 8 9 |  9.7
Fighting       | 2 3 4 5 |  5.0
Shields        | 2 3 4 |  4.5
Dodging        | 3 4 5 |  5.2
Evocations     | 1 |  1.0
Stealth        | |  2.1
Spellcasting   | |  1.5
Transmutations | |  0.5
Earth Magic    | |  3.0

Action                   |  1- 3 |  4- 6 |  7- 9 || total
-------------------------+-------+-------+-------++-------
Melee: Rapier            |    26 |    53 |   183 ||   262
Throw: Dart              |       |       |    19 ||    19
 Cast: Sandblast         |     1 |     2 |       ||     3
       Passwall          |       |       |     2 ||     2
  Use: Potion            |       |     3 |     4 ||     7
       Scroll            |       |       |    10 ||    10
 Stab: Sleeping          |     2 |     1 |       ||     3
Armor: Robe              |     2 |       |       ||     2
       Leather armour    |       |     6 |    17 ||    23
       Scale mail        |       |       |     6 ||     6
Dodge: Dodged            |    21 |    27 |   104 ||   152
Block: Buckler           |     3 |     7 |    25 ||    35

Table legend: (Time is in decaauts)
 A = Elapsed time spent in this place.
 B = Non-inter-level travel time spent in this place.
 C = Inter-level travel time spent in this place.
 D = Time resting spent in this place.
 E = Time spent auto-exploring this place.
 F = Levels seen in this place.
 G = Mean time per level.
                   A        B        C        D        E       F      G
               +--------+--------+--------+--------+--------+-----+--------+
         Total |   2333 |   2298 |     35 |      0 |      0 |  10 |  233.3 |
       Dungeon |   2280 |   2245 |     35 |      0 |      0 |   9 |  253.3 |
        Temple |     52 |     52 |      0 |      0 |      0 |   1 |   52.0 |
               +--------+--------+--------+--------+--------+-----+--------+

Top non-repeatable levels by time:
     D:4: 626 daAuts
     D:5: 466 daAuts
     D:6: 300 daAuts
     D:3: 293 daAuts
     D:2: 174 daAuts
     D:9: 164 daAuts
     D:8: 139 daAuts
     D:1: 74 daAuts
  Temple: 52 daAuts
     D:7: 40 daAuts
